AoeStats
← aacar6135

Arena

510550691Analyzed
1v1 RM · 1d ago on Oct 1, 2026· 59m 8s· 2 players
Game mode
Random Map
Map size
Tiny (2 player)
Population
200
Speed
Normal
Resources
Standard
Victory
Conquest
Starting age
Dark Age
Ending age
Imperial Age
RankedLock teamsTeams togetherTeam positionsShared explorationLock speedFull tech treeHidden civsTurbo modeCheats
Victory
Defeat
🇹🇷 Persians · Türkiye
743
+18
🇩🇪 Turks · Germany
778
-18
aacar6135
10:10 Feudal Age
10:56 Double-Bit Axe
12:38 Horse Collar
15:06 Stone Mining
21:23 Castle Age
20:07 Forging
20:44 Fletching
22:21 Bow Saw
23:26 Heavy Plow
25:48 Bow Saw
26:33 Gold Mining
28:24 Iron Casting
27:45 Bodkin Arrow
28:02 Elite Skirmisher
31:40 Imperial Age
30:08 Kamandaran
31:08 Gold Shaft Mining
33:10 Two-Man Saw
32:45 Crop Rotation
32:52 Stone Shaft Mining
32:44 Citadels
32:55 Conscription
34:39 Blast Furnace
34:42 Chemistry
34:05 Ballistics
33:36 Heated Shot
33:57 Masonry
39:20 Wheelbarrow
42:18 Crossbowman
43:04 Thumb Ring
56:45 Elite War Elephant
[#EB#] jorrrrris
7:23 Loom
10:18 Feudal Age
14:52 Castle Age
14:05 Double-Bit Axe
14:01 Horse Collar
18:01 Heavy Plow
20:32 Fervor
22:21 Wheelbarrow
25:03 Bow Saw
27:22 Gold Mining
27:25 Stone Mining
33:51 Husbandry
34:02 Bloodlines
37:43 Imperial Age
37:25 Forging
37:21 Scale Barding Armor
37:06 Fletching
37:17 Padded Archer Armor
37:47 Masonry
39:04 Iron Casting
39:19 Chain Barding Armor
40:14 Heavy Camel Rider
48:06 Blast Furnace
47:41 Plate Barding Armor
46:57 Fletching
47:07 Padded Archer Armor
48:20 Squires
48:24 Scale Mail Armor
49:29 Squires
50:30 Artillery
51:05 Thumb Ring
52:23 Hand Cart
51:53 Town Watch
53:41 Bodkin Arrow
54:02 Leather Archer Armor
55:55 Bracer
59:25 Ballistics
Connection lost

Rejoining the realm…

Still unreachable

The connection could not be restored.

Session expired

The server has moved on; the page needs a fresh start.